 Dungeon Sprint DCSS version 0.26-a0-720-g2a1d101370 (webtiles) character file.

Game seed: 7599193792271598727

4748 mhtbhm the Severer (level 10, -13/101 HPs)
             Began as a Minotaur Fighter on Nov 2, 2020.
             Was the Champion of Trog.
             Killed from afar by an orc sorcerer (32 damage)
             ... with a bolt of fire
             ... in the Dungeon (Sprint III: "The Ten Rune Challenge").
             The game lasted 00:03:06 (1517 turns).

mhtbhm the Severer (Minotaur Fighter)               Turns: 1517, Time: 00:03:07

Health: -13/101    AC:  5    Str: 24    XL:     10   Next: 23%
Magic:  9/9        EV: 15    Int:  5    God:    Trog [******]
Gold:   70         SH: 13    Dex: 12    Spells: 9/9 levels left

rFire    . . .     SeeInvis .   a - +0 war axe
rCold    . . .     Faith    .   c - +0 kite shield
rNeg     . . .     Spirit   .   b - +0 scale mail
rPois    .         Reflect  .   (helmet restricted)
rElec    .         Harm     .   (no cloak)
rCorr    .         Rampage  .   (no gloves)
MR       .....     NoTele   +   (no boots)
Stlth    ..........             (no amulet)
HPRegen  0.26/turn              (no ring)
MPRegen  0.11/turn              (no ring)

@: corroded, berserk cooldown, slowed, very slow
A: retaliatory headbutt, hooves 1, horns 2, repulsion field 1, agile 1, subdued
magic 1
a: Berserk, Trog's Hand, Brothers in Arms, Renounce Religion


You were in the Dungeon.
You worshipped Trog.
Trog was exalted by your worship.
You visited 1 branch You collected 70 gold pieces.

Inventory:

Hand Weapons
 a - a +0 war axe (weapon)
Missiles
 s - a throwing net (quivered)
Armour
 b - a +0 scale mail (worn)
 c - a +0 kite shield (worn)
Wands
 k - a wand of digging (6)
 r - a wand of enslavement (9)
Scrolls
 j - a scroll of blinking
 m - a scroll of torment {unknown}
 n - 2 scrolls of identify {unknown}
 o - 2 scrolls of remove curse {unknown}
 q - a scroll of holy word {unknown}
Potions
 d - 2 potions of might
 e - a potion of curing
 g - a potion of haste
 h - 2 potions of magic
 i - a potion of berserk rage
 l - 2 potions of mutation
 p - 4 potions of flight
Miscellaneous
 f - a box of beasts (3/3)


   Skills:
 + Level 13.2 Fighting
 + Level 16.2 Axes
 + Level 13.3 Armour
 + Level 6.7 Dodging
 + Level 12.9 Shields
 + Level 0.2 Evocations


You had 9 spell levels left.
You didn't know any spells.
Your spell library was empty.

Dungeon Overview and Level Annotations

Branches:
Dungeon (1/1)

Altars:
Cheibriados
Dithmenos
Elyvilon
Fedhas
Gozag
Hepliaklqana
Kikubaaqudgha
Makhleb
Nemelex Xobeh
Okawaru
Qazlal
Ru
Sif Muna
Trog
Uskayaw
Vehumet
Wu Jian
Xom
Yredelemnul
Zin
The Shining One
Beogh
Jiyva
Lugonu


Innate Abilities, Weirdness & Mutations

You reflexively headbutt those who attack you in melee.
You have a pair of horns on your head.
You have large cloven feet.
You are surrounded by a mild repulsion field. (EV +2)
You are agile. (Dex +2)
Your spells are a little easier to cast, but a little less powerful.


Message History

You hit the orc sorcerer. You kick the orc sorcerer.
Your headbutt misses the orc sorcerer.
The orc sorcerer is heavily wounded.
You barely miss the rust devil. You slash the orc knight!
You slash the orc warrior!
Unknown command.
You slash the orc warrior! You kick the orc warrior.
You kill the orc warrior!
Trog accepts your kill.
You barely miss the orc sorcerer. You hit the rust devil.
You slash the orc knight!
You kill the orc knight!
Trog accepts your kill.
Your Axes skill increases to level 16!
You are no longer berserk.
You are exhausted.
You feel yourself slow down. The orc sorcerer casts a spell at you.
The bolt of fire hits you!!
You die...

▓▓▓ ▓▓ ##.#################$#
...#___#___#__#$#$$$###.
#..#)..#__.#._#$43oo....
#..###'#'###)##3ooo....#
#..#..........#$4ooo...#
...'.⌠........#)@)#
...#...######'#)##$#
...#.⌠.#__#...#'#################
...#...#__#...#....#.#.#.....#.^^
...#)###__#...##.#..#.##)###.#...
...#):.#__#...'##)#.#.##.#.)##...
...#___#__'...#...#.)#..##..'....
▓▓▓▓▓▓▓▓▓▓▓▓▓▓▓▓▓▓▓▓▓▓▓▓▓▓▓▓#..^.
♣≈≈≈........≈≈≈...#.^.^


You could see a soul eater (summoned), an orc high priest (strong), a rust devil
(summoned), a neqoxec (summoned), an orc sorcerer (strong), a red devil
(summoned), an orc warrior (strong), an orc priest (strong) and 4 orcs.

Vanquished Creatures
  Erolcha (D)
  An orc high priest (D)
  A deep elf mage (D)
  An orc knight (D)
  3 wandering mushrooms (D)
  A shadow (D)
  2 redbacks (D)
  A spatial vortex (D)
  2 orc warriors (D)
  A necrophage (D)
  5 two-headed ogres (D)
  A water elemental (D)
  A scorpion (D)
  A jelly (D)
  2 orc priests (D)
  A wizard (D)
  Jessica (D)
  A necromancer (D)
  3 humans (D)
  A kobold demonologist (D)
  2 oozes (D)
  3 orcs (D)
  A hobgoblin (D)
37 creatures vanquished.

Vanquished Creatures (others)
  A hellion (D)
  4 plants (D)
5 creatures vanquished.

Grand Total: 42 creatures vanquished

Notes
Turn   | Place    | Note
-------+----------+-------------------------------------------
     0 | D        | mhtbhm the Minotaur Fighter began the quest for the Orb.
     0 | D        | Reached XP level 1. HP: 19/19 MP: 0/0
    10 | D        | Reached XP level 2. HP: 26/28 MP: 1/1
    47 | D        | Noticed Jessica
    54 | D        | Killed Jessica
    54 | D        | Reached skill level 5 in Fighting
    54 | D        | Reached skill level 3 in Axes
    54 | D        | Reached skill level 5 in Armour
    54 | D        | Reached skill level 5 in Shields
    54 | D        | Reached XP level 3. HP: 34/36 MP: 2/2
   102 | D        | Gained mutation: You are frail. (-10% HP) [potion of
                  | mutation]
   102 | D        | Gained mutation: You are agile. (Dex +2) [potion of
                  | mutation]
   102 | D        | Gained mutation: You expend magic power (3 MP) to
                  | strengthen your wands. [potion of mutation]
   103 | D        | Lost mutation: You expend magic power (3 MP) to strengthen
                  | your wands. [potion of mutation]
   103 | D        | Lost mutation: You are frail. (-10% HP) [potion of
                  | mutation]
   103 | D        | Gained mutation: You are surrounded by a mild repulsion
                  | field. (EV +2) [potion of mutation]
   103 | D        | Gained mutation: Your spells are a little easier to cast,
                  | but a little less powerful. [potion of mutation]
   103 | D        | Gained mutation: You have large cloven feet. [potion of
                  | mutation]
   113 | D        | Reached skill level 4 in Axes
   114 | D        | Noticed a scorpion
   122 | D        | Killed a scorpion
   122 | D        | Reached XP level 4. HP: 27/45 MP: 3/3
   300 | D        | Noticed a water elemental
   313 | D        | Killed a water elemental
   313 | D        | Reached skill level 5 in Axes
   313 | D        | Reached skill level 1 in Dodging
   313 | D        | Reached XP level 5. HP: 37/53 MP: 4/4
   412 | D        | Found a glowing silver altar of Zin.
   412 | D        | Found a glowing golden altar of the Shining One.
   412 | D        | Found a white marble altar of Elyvilon.
   413 | D        | Noticed a deep elf mage
   421 | D        | Killed a deep elf mage
   421 | D        | Reached skill level 10 in Fighting
   421 | D        | Reached skill level 9 in Axes
   421 | D        | Reached skill level 10 in Armour
   421 | D        | Reached XP level 6. HP: 66/66 MP: 5/5
   421 | D        | Reached XP level 7. HP: 72/72 MP: 6/6
   528 | D        | Found a hide-covered altar of Uskayaw.
   528 | D        | Found a roughly hewn altar of Beogh.
   528 | D        | Found an iron altar of Okawaru.
   528 | D        | Found a bloodstained altar of Trog.
   528 | D        | Found an ornate altar of the Wu Jian Council.
   528 | D        | Noticed a human
   528 | D        | Noticed a human
   537 | D        | Killed a human
   537 | D        | Reached skill level 10 in Axes
   537 | D        | Reached skill level 10 in Shields
   546 | D        | Killed a human
   552 | D        | Became a worshipper of Trog the Wrathful
   647 | D        | Found a basalt altar of Yredelemnul.
   647 | D        | Found a shadowy altar of Dithmenos.
   647 | D        | Found a sacrificial altar of Ru.
   652 | D        | Reached * piety under Trog
   704 | D        | Found a radiant altar of Vehumet.
   704 | D        | Found a shimmering blue altar of Sif Muna.
   704 | D        | Found an ancient bone altar of Kikubaaqudgha.
   709 | D        | Reached XP level 8. HP: 81/81 MP: 7/7
   711 | D        | Reached ** piety under Trog
   730 | D        | Killed a hellion
   751 | D        | Reached skill level 11 in Axes
   785 | D        | Found a blossoming altar of Fedhas.
   785 | D        | Found a stormy altar of Qazlal.
   785 | D        | Found a snail-covered altar of Cheibriados.
   785 | D        | Found a burning altar of Makhleb.
   785 | D        | Found a shimmering altar of Xom.
   786 | D        | Found a hazy altar of Hepliaklqana.
   786 | D        | Found an opulent altar of Gozag.
   786 | D        | Found a sparkling altar of Nemelex Xobeh.
   786 | D        | Found a corrupted altar of Lugonu.
   786 | D        | Found a viscous altar of Jiyva.
   816 | D        | Reached *** piety under Trog
   818 | D        | Reached skill level 12 in Axes
   936 | D        | Noticed a two-headed ogre
   944 | D        | Killed a two-headed ogre
  1040 | D        | Noticed a two-headed ogre
  1040 | D        | Noticed Erolcha
  1046 | D        | Killed Erolcha
  1046 | D        | Reached **** piety under Trog
  1046 | D        | Reached skill level 14 in Axes
  1046 | D        | Reached skill level 5 in Dodging
  1046 | D        | Reached XP level 9. HP: 90/90 MP: 8/8
  1053 | D        | Killed a two-headed ogre
  1227 | D        | Noticed a wandering mushroom
  1231 | D        | Noticed a wandering mushroom
  1233 | D        | Noticed a wandering mushroom
  1240 | D        | Reached ***** piety under Trog
  1305 | D        | Reached skill level 15 in Axes
  1497 | D        | Noticed an orc high priest
  1497 | D        | Noticed an orc knight
  1498 | D        | Noticed an orc sorcerer
  1502 | D        | Noticed a red devil
  1502 | D        | Noticed an orc high priest
  1503 | D        | Noticed a rust devil
  1507 | D        | Noticed a sixfirhy
  1509 | D        | Noticed a soul eater
  1510 | D        | Noticed a red devil
  1513 | D        | Killed an orc high priest
  1513 | D        | Reached ****** piety under Trog
  1513 | D        | Received a gift from Trog
  1513 | D        | Reached XP level 10. HP: 60/101 MP: 9/9
  1517 | D        | Killed an orc knight
  1517 | D        | Reached skill level 16 in Axes
  1517 | D        | Killed from afar by an orc sorcerer

Illustrated notes

Levels and vault maps discovered:
D:        dungeon_sprint_mu [sprint_mu_entry_cave, sprint_mu_temple_rooms,
          sprint_mu_d1_spiders, sprint_mu_d2_genie, sprint_mu_d3_branching,
          sprint_mu_orc_legion, sprint_mu_elf_gauntlet, sprint_mu_hive_nellie,
          sprint_mu_lair_fedhas, sprint_mu_vaults_butterflies,
          sprint_mu_slime_circle, sprint_mu_swamp_cave, sprint_mu_shoals_archi,
          sprint_mu_blade_basic, sprint_mu_crypt_lich, sprint_mu_tomb_spiral,
          sprint_mu_vestibule_basic, sprint_mu_gehenna_hellfire,
          sprint_mu_dis_giant, sprint_mu_tartarus_statrot,
          sprint_mu_cocytus_islands, sprint_mu_zot1]

Skill      XL: |  1  2  3  4  5  6  7  8  9 10 |
---------------+-------------------------------+-----
Fighting       | 4 5 6 7 10 12 13 | 13.2
Armour         | 4 5 6 7 10 12 13 | 13.3
Shields        | 4 5 6 7 9 10 12 | 12.9
Axes           | 3 4 5 9 10 14 15 16 | 16.2
Dodging        | 1 2 3 5 6 |  6.7
Evocations     | |  0.2

Action                   |  1- 3 |  4- 6 |  7- 9 | 10-12 || total
-------------------------+-------+-------+-------+-------++-------
Melee: War axe           |    20 |    17 |   106 |     3 ||   146
       Kick              |     2 |     6 |    39 |     3 ||    50
       Headbutt          |     1 |     9 |    26 |       ||    36
Invok: Berserk           |       |       |     3 |       ||     3
Evoke: Wand              |     1 |       |       |       ||     1
  Use: Potion            |     2 |     1 |       |       ||     3
Armor: Scale mail        |     3 |     1 |     9 |     1 ||    14
Dodge: Dodged            |     9 |     7 |    39 |       ||    55
Block: Kite shield       |     8 |     7 |    38 |     2 ||    55

Table legend: (Time is in decaauts)
 A = Elapsed time spent in this place.
 B = Non-inter-level travel time spent in this place.
 C = Inter-level travel time spent in this place.
 D = Time resting spent in this place.
 E = Time spent auto-exploring this place.
 F = Levels seen in this place.
 G = Mean time per level.
                   A        B        C        D        E       F      G
               +--------+--------+--------+--------+--------+-----+--------+
         Total |   1543 |   1543 |      0 |   1105 |     14 |   1 | 1543.0 |
       Dungeon |   1543 |   1543 |      0 |   1105 |     14 |   1 | 1543.0 |
               +--------+--------+--------+--------+--------+-----+--------+

Top non-repeatable levels by time:
       D: 1543 daAuts
